 Dungeon Crawl Stone Soup version 0.30-a0-737-gf23d94013f (webtiles) character file.

Game seed: 5969334266707032837

129 DeathSun the Ruffian (level 4, -1/35 HPs)
             Began as a Draconian Transmuter on Feb 2, 2023.
             Slain by an ogre
             ... wielding a +0 giant club
              (14 damage)
             ... on level 4 of the Dungeon.
             The game lasted 00:03:55 (2106 turns).

DeathSun the Ruffian (Draconian Transmuter)         Turns: 2106, Time: 00:03:55

Health: -1/35      AC:  6    Str: 14    XL:     4   Next: 88%
Magic:  1/2        EV: 12    Int: 14    God:
Gold:   95         SH:  0    Dex: 11    Spells: 4/7 levels left

rFire   + . .      SeeInvis .    m - +9 spear "Jualaj" {antimagic, rF+}
rCold   . . .      Faith    .    (no shield)
rNeg    . . .      Spirit   .    (body armour unavailable)
rPois   .          Reflect  .    (helmet currently unavailable)
rElec   .          Harm     .    (no cloak)
rCorr   .          Rampage  .    i - +0 pair of gloves
Will    .....                    (boots currently unavailable)
Stlth   +                        (no amulet)
HPRegen 0.25/turn                (no ring)
MPRegen 0.08/turn                (no ring)

@: appendages
A: horns 2, talons 2, AC +5, unfitting armour, cold-blooded
a: End Transformation


You were on level 4 of the Dungeon.
You had temporarily grown beastly horns and talons.
You visited 1 branch of the dungeon, and saw 4 of its levels.

You collected 95 gold pieces.

Inventory:

Hand Weapons
 m - the +9 spear "Jualaj" (weapon) {antimagic, rF+}
   (You found it on level 2 of the Dungeon)

   rF:        It protects you from fire.
 o - the +7 great mace "Firestarter" {flame, inner flame, rFlCloud rF++}
   (You found it on level 3 of the Dungeon)

   rFlCloud:  It grants immunity to clouds of flame.
   rF:        It greatly protects you from fire.
Armour
 c - a +0 pair of boots (melded)
 i - a +0 pair of gloves (worn)
Jewellery
 j - a +6 ring of intelligence
Scrolls
 b - a scroll of noise {unknown}
 d - a scroll of vulnerability {unknown}
 e - a scroll of immolation {unknown}
 g - 4 scrolls of identify {unknown}
 h - a scroll of blinking {unknown}
 l - a scroll of enchant armour {unknown}
 n - a scroll of enchant weapon {unknown}
Potions
 a - a potion of lignification
 f - 2 potions of heal wounds {unknown}
 k - a potion of degeneration {unknown}
 p - a potion of cancellation {unknown}


   Skills:
 - Level 1.1 Fighting
 - Level 1.7 Dodging
 * Level 4.5 Unarmed Combat
 - Level 2.0 Spellcasting
 * Level 3.8 Transmutations


You had 4 spell levels left.
You knew the following spells:

 Your Spells              Type           Power      Damage    Failure   Level
a - Beastly Appendage     Tmut           24%        N/A       4%          1
b - Wereblood             Tmut           12%        N/A       8%          2

Your spell library contained the following spells:

 Spells                   Type           Power      Damage    Failure   Level
 Kiss of Death            Conj/Necr      4%         2d5       24%         1
 Spider Form              Tmut/Pois      6%         N/A       32%         3
 Confusing Touch          Hex            1%         N/A       56%         3
 Inner Flame              Hex/Fire       1%         N/A       56%         3
 Kindle Blastsparks       Fire/Tloc/Air  2%         2d10      56%         3
 Ice Form                 Ice/Tmut       6%         N/A       71%         4
 Cause Fear               Hex            0%         N/A       93%         4
 Dispel Undead            Necr           1%         3d6       93%         4
 Fulminant Prism          Conj/Hex       0%         3d5       93%         4
 Iskenderun's Mystic Bla  Conj/Tloc      1%         2d3       93%         4
 Lee's Rapid Deconstruct  Erth           0%         3d4*      100%        5
 Discord                  Hex            0%         N/A       100%        8


Dungeon Overview and Level Annotations

Branches:
Dungeon (4/15)
 Temple: D:4-7

Altars:
Kikubaaqudgha
Nemelex Xobeh

Annotations:
D:2 Sigmund


Innate Abilities, Weirdness & Mutations

You have temporarily grown beastly horns and talons.
Your plain brown scales are hard. (AC +5)
You cannot fit into any form of body armour.
You are cold-blooded and may be slowed by cold attacks.


Message History

Your transformation is almost over.
Your horns disappear.
Your talons disappear.
Your +0 pair of boots unmelds from your body.
You open the door.
There is an open door here.
There is an open door here.
There is an open door here.
There is an open door here.
Done exploring.
Done exploring.
Done exploring.
Done exploring.
There is an open door here.
There is a stone staircase leading down here.
You climb downwards.
There is a stone staircase leading up here.
You open the door.
There is an open door here.
Found a stone staircase leading up.
There is an open door here.
You open the door.
An ogre comes into view. It is wielding a +0 giant club.
An ogre is nearby!
An ogre is nearby!
Casting: Beastly Appendage (safe; 4% risk of failure)
Confirm with . or Enter, or press ? or * to list all spells.
You grow a pair of large bovine horns.
Your feet morph into talons.
Your +0 pair of boots melds into your body.
You closely miss the ogre. You tail-slap the ogre.
The ogre is lightly wounded.
The ogre hits you with a +0 giant club!!
Ouch! That really hurt!
You are too injured to fight recklessly!
You are too injured to fight recklessly!
You puncture the ogre!
The ogre is heavily wounded.
You puncture the ogre! You claw the ogre.
The ogre is almost dead.
The ogre hits you with a +0 giant club!
You die...

#. .......# .##.
#......# .....
#......# .....
#......#
......#......#
......#......######
......O......#....#
#@.....#....#
#......#....######
#...<.............
#......#....######
#......#....#
#......#....#
####'###....# #.#
#....# #########.#
#....#


You could see an ogre.

Vanquished Creatures
  Terence (D:3)
  4 gnolls
  2 adders (D:3)
  A worm (D:2)
  A dart slug (D:2)
  2 bats
  A bat zombie (D:3)
  7 endoplasms
  2 giant cockroaches
  2 goblins
  2 hobgoblins
  4 quokkas
  4 ball pythons
  A frilled lizard (D:3)
  3 kobolds
  5 rats
  A rat zombie (D:3)
43 creatures vanquished.

Notes
Turn   | Place    | Note
-------+----------+-------------------------------------------
     0 | D:1      | DeathSun the Draconian Transmuter began the quest for the
                  | Orb.
     0 | D:1      | Reached XP level 1. HP: 16/16 MP: 3/3
   280 | D:1      | Reached XP level 2. HP: 22/23 MP: 3/5
   586 | D:2      | Identified the +9 spear "Jualaj" {antimagic, rF+}
   690 | D:2      | Reached XP level 3. HP: 27/28 MP: 4/6
   848 | D:2      | Noticed Sigmund
   944 | D:2      | Learned a level 2 spell: Wereblood
  1085 | D:3      | Reached skill level 4 in Unarmed Combat
  1085 | D:3      | Reached XP level 4. HP: 35/35 MP: 2/7
  1388 | D:3      | Found a sparkling altar of Nemelex Xobeh.
  1452 | D:3      | Found the +7 great mace "Firestarter" {flame, inner flame,
                  | rFlCloud rF++}
  1514 | D:3      | Noticed Terence
  1520 | D:3      | Killed Terence
  1933 | D:3      | Found an ancient bone altar of Kikubaaqudgha.
  2102 | D:4      | Noticed an ogre
  2106 | D:4      | Slain by an ogre

Illustrated notes

Levels and vault maps discovered:
D:1:      dpeg_chamrin_arrival_tetris, layout_rooms
D:2:      layout_loops_ring, uniq_natasha, uniq_sigmund
D:3:      layout_loops_corners, lemuel_zombie_altar_kikubaaqudgha,
          nemelex_diamond_rough_becter, serial_forest,
          infiniplex_forest_corner_1, infiniplex_forest_lined_2,
          infiniplex_forest_lined_room_2, infiniplex_forest_straight_3,
          infiniplex_forest_fountain, infiniplex_forest_lined_2, uniq_terence
D:4:      layout_basic, lemuel_round_altar,
          chequers_temple_overflow_statue_of_worship,
          nicolae_elyvilon_peaceful_grove, hangedman_minor_gate_pass

Skill      XL: |  1  2  3 |
---------------+----------+-----
Transmutations | 3 |  3.8
Unarmed Combat | 4 |  4.5
Fighting       | |  1.1
Dodging        | |  1.7
Spellcasting   | |  2.0

Action                     |  1- 3 |  4- 6 || total
---------------------------+-------+-------++-------
  Melee: Unarmed           |    60 |       ||    60
         Kick              |    11 |     6 ||    17
         Tailslap          |     3 |     5 ||     8
         Headbutt          |     6 |     3 ||     9
         Spear             |    11 |    41 ||    52
   Cast: Beastly Appendage |    12 |    13 ||    25
   Stab: Sleeping          |       |     1 ||     1
 Armour: Skin              |    18 |     7 ||    25
  Dodge: Dodged            |    43 |    20 ||    63

Table legend: (Time is in decaauts)
 A = Elapsed time spent in this place.
 B = Non-inter-level travel time spent in this place.
 C = Inter-level travel time spent in this place.
 D = Time resting spent in this place.
 E = Time spent auto-exploring this place.
 F = Levels seen in this place.
 G = Mean time per level.
                   A        B        C        D        E       F      G
               +--------+--------+--------+--------+--------+-----+--------+
         Total |   2107 |   2051 |     56 |      0 |   1631 |   4 |  526.8 |
       Dungeon |   2107 |   2051 |     56 |      0 |   1631 |   4 |  526.8 |
               +--------+--------+--------+--------+--------+-----+--------+

Top non-repeatable levels by time:
     D:3: 1061 daAuts
     D:2: 542 daAuts
     D:1: 467 daAuts
     D:4: 36 daAuts
